Map: Emerald City LE

Players

qqq - Winner!

  • Race: Zerg Zerg
  • Spawn Location: 5:00

Massa - Winner!

  • Race: Terran Terran
  • League: Platinum
  • Spawn Location: 5:00

Purity

  • Race: Terran Terran
  • League: Diamond
  • Spawn Location: 11:00

Buizerd

  • Race: Terran Terran
  • League: Diamond
  • Spawn Location: 11:00

VOD

Have the link to the VOD?

Description

Time

  • Played on: Feb. 22, 2021, 2:18 p.m.
  • Length: 23:24
Show
View Real Time Build Order
Export as new Build Order

qqq Zerg - Winner!

Build Orders: Hatch First, Brood Lord Corruptor 

Get SALT Encoding   

  12  0:00  Drone  
  13  0:10  Drone  
  14  0:18  Overlord  
  14  0:46  Hatchery  
  13  1:03  Spawning Pool  
  12  1:11  Drone x2  
  12  1:15  Extractor  
  13  1:20  Drone  
  14  1:37  Drone x2  
  16  1:51  Drone  
  17  2:03  Drone  
  17  2:04  Drone  
  19  2:08  Drone  
  19  2:11  Queen  
  22  2:17  Queen  
  24  2:23  Drone  
  25  2:30  Drone  
  25  2:31  Drone  
  25  2:33  Drone  
  28  2:47  Overlord  
  28  2:50  Lair  
  28  2:57  Overlord  
  28  3:00  Metabolic Boost  
  28  3:14  Drone x3  
  31  3:27  Zergling x6  
  31  3:28  Drone  
  35  3:36  Drone  
  35  3:37  Roach Warren, Zergling x4  
  35  3:39  Drone, Zergling x2  
  38  3:43  Zergling x2  
  39  3:53  Evolution Chamber  
  38  3:55  Zergling x2  
  38  3:56  Zergling x2, Overlord  
  38  3:58  Zergling x2  
  41  4:04  Zergling x2  
  42  4:13  Zergling x2  
  43  4:18  Zergling x4  
  43  4:21  Zerg Melee Weapons Level 1  
  43  4:23  Zergling x4  
  49  4:24  Roach  
  49  4:26  Glial Reconstitution  
  49  4:28  Drone, Zergling x2  
  51  4:43  Zergling x4  
  51  4:44  Roach  
  51  4:45  Zergling x2  
  46  4:53  Roach x2  
  49  5:03  Zergling x6  
  50  5:14  Zergling x2  
  50  5:15  Drone  
  50  5:20  Overlord  
  50  5:21  Overlord  
  48  5:29  Roach  
  48  5:30  Overlord, Roach  
  48  5:34  Hatchery  
  48  5:46  Zergling x2  
  48  5:47  Zergling x2, Roach  
  49  6:02  Roach x2  
  49  6:14  Roach x3  
  49  6:15  Roach  
  49  6:16  Zergling x8  
  58  6:28  Roach x2  
  59  6:41  Roach  
  54  6:59  Zergling x2, Roach x2  
  55  7:14  Roach x2  
  55  7:15  Zergling x4  
  55  7:28  Roach  
  55  7:29  Zergling x6  
  61  7:30  Zergling x4  
  54  7:45  Roach x2  
  54  7:50  Drone  
  54  7:51  Drone x2  
  58  7:52  Drone x2  
  58  7:53  Queen  
  58  7:58  Extractor  
  62  8:01  Drone  
  62  8:02  Drone  
  64  8:09  Extractor  
  64  8:10  Extractor  
  64  8:11  Drone x2  
  64  8:13  Spine Crawler  
  64  8:15  Spine Crawler  
  64  8:16  Spine Crawler  
  61  8:21  Drone x2  
  61  8:22  Overlord  
  61  8:23  Drone x3, Overlord  
  61  8:24  Hatchery  
  65  8:34  Drone, Infestation Pit  
  64  8:35  Drone  
  66  8:44  Drone x4  
  70  8:52  Drone  
  70  8:53  Drone  
  72  8:56  Zergling x4, Overlord x2  
  72  9:01  Spire  
  72  9:02  Drone x2  
  75  9:05  Drone x3  
  78  9:15  Hive  
  78  9:20  Drone x3  
  78  9:23  Drone  
  82  9:31  Zerg Ground Armor Level 1  
  82  9:54  Queen  
  82  9:55  Drone x2  
  82  9:56  Drone x3  
  82  9:58  Roach x2  
  82  9:59  Roach  
  101  10:00  Roach x6  
  101  10:01  Roach  
  101  10:03  Drone  
  110  10:15  Spine Crawler  
  110  10:17  Corruptor x2  
  113  10:26  Greater Spire  
  113  10:28  Corruptor  
  113  10:30  Drone x5  
  113  10:33  Extractor  
  113  10:34  Extractor  
  118  10:49  Corruptor  
  120  10:51  Overlord x5  
  120  10:52  Overlord  
  111  11:06  Corruptor x3  
  111  11:11  Drone x3  
  118  11:12  Zergling x8  
  118  11:13  Drone x2  
  115  11:27  Corruptor  
  115  11:28  Corruptor  
  115  11:29  Drone x2  
  115  11:30  Zergling x2  
  115  11:31  Zergling x4  
  124  11:34  Extractor  
  124  11:35  Extractor  
  122  11:40  Zergling x4  
  122  11:41  Zergling x10  
  129  11:47  Drone  
  129  11:48  Drone  
  129  11:54  Brood Lord  
  133  11:57  Zerg Flyer Weapons Level 1  
  133  12:02  Brood Lord  
  135  12:09  Hatchery  
  135  12:11  Corruptor  
  135  12:15  Brood Lord  
  138  12:16  Hatchery, Zergling x2  
  138  12:17  Zergling x8  
  138  12:18  Drone x4  
  138  12:19  Drone  
  147  12:24  Brood Lord  
  142  12:44  Brood Lord x2, Corruptor  
  142  12:45  Drone  
  142  12:46  Drone x5  
  140  13:14  Corruptor x4  
  140  13:16  Drone x4  
  151  13:31  Spine Crawler  
  151  13:33  Drone x3  
  151  13:34  Drone  
  149  13:37  Spine Crawler  
  149  13:38  Spine Crawler  
  144  13:41  Spine Crawler  
  144  13:42  Spine Crawler  
  144  13:47  Brood Lord x2  
  144  13:48  Brood Lord x2  
  142  13:53  Drone  
  142  13:54  Drone  
  141  14:04  Corruptor x3  
  141  14:06  Drone x4  
  146  14:29  Drone x4  
  146  14:30  Drone x3  
  126  15:06  Zergling x2  
  122  15:07  Zergling x10  
  122  15:08  Drone x5  
  122  15:09  Drone x4  
  133  15:15  Zerg Flyer Armor Level 1  
  133  15:22  Drone, Spine Crawler  
  133  15:23  Drone x2, Spine Crawler x2  
  133  15:33  Spine Crawler  
  132  15:37  Drone x2, Corruptor x2  
  132  15:38  Corruptor x3  
  132  15:42  Zergling x6  
  156  15:52  Extractor  
  156  15:53  Extractor  
  135  16:04  Drone x6  
  135  16:05  Hatchery  
  135  16:11  Spire  
  138  16:14  Zergling x8  
  142  16:25  Corruptor x7  
  144  16:26  Corruptor  
  158  16:36  Viper x3  
  163  16:49  Corruptor x3  
  163  16:52  Drone x3  
  169  17:05  Drone x3, Spore Crawler  
  169  17:06  Spore Crawler  
  170  17:09  Zerg Flyer Weapons Level 2  
  170  17:13  Drone, Spore Crawler  
  170  17:14  Mutalisk x2  
  174  17:16  Overlord x7  
  150  17:44  Zergling x2  
  150  17:45  Zergling x2  
  134  17:55  Corruptor  
  134  17:56  Corruptor x6  
  134  17:57  Drone x2  
  134  17:58  Drone  
  133  18:05  Brood Lord x2  
  137  18:08  Brood Lord  
  137  18:11  Drone  
  140  18:24  Brood Lord  
  140  18:26  Brood Lord  
  144  18:27  Drone  
  144  18:29  Hatchery  
  144  18:33  Drone  
  145  18:47  Corruptor  
  145  18:48  Corruptor x4  
  149  18:50  Drone  
  156  19:06  Drone x2  
  148  20:03  Corruptor x6  
  148  20:04  Corruptor x6  
  172  20:07  Brood Lord x2  
  172  20:09  Drone x4  
  180  20:27  Brood Lord x3  
  183  20:29  Hatchery  
  183  20:32  Zergling x6  
  183  20:33  Zergling x4  
  184  20:35  Hatchery  
  175  20:54  Zerg Flyer Armor Level 2  
  172  21:03  Viper x2  
  175  21:04  Zergling x12  
  175  21:47  Corruptor x3  
  175  21:48  Corruptor x2  
  166  22:37  Spine Crawler  
  166  22:42  Spine Crawler  
Show
View Real Time Build Order
Export as new Build Order

Massa Terran - Winner!

Build Orders: Reaper Expand 

Get SALT Encoding   

  12  0:00  SCV  
  13  0:12  SCV  
  14  0:18  Supply Depot  
  14  0:26  SCV  
  15  0:40  SCV  
  15  0:42  Barracks  
  16  0:52  SCV  
  16  0:55  Refinery  
  17  1:04  SCV  
  18  1:17  Barracks  
  18  1:19  Supply Depot  
  19  1:34  Orbital Command  
  18  1:53  Marine  
  19  2:06  Reaper  
  20  2:15  Command Center  
  20  2:20  Marine  
  21  2:25  SCV  
  22  2:39  Factory  
  22  2:43  Marine  
  23  2:49  SCV  
  24  3:03  Engineering Bay  
  24  3:20  Marine x2  
  24  3:24  Factory Tech Lab  
  26  3:27  Orbital Command  
  26  3:28  SCV  
  27  3:34  Refinery  
  27  3:35  Missile Turret  
  27  3:38  Marine x2  
  27  3:40  SCV  
  30  3:47  Hellion  
  32  3:56  Marine x2  
  32  3:57  SCV x2  
  32  4:02  Missile Turret  
  36  4:08  Widow Mine  
  36  4:09  SCV  
  40  4:10  SCV  
  40  4:25  Supply Depot  
  40  4:27  Starport  
  40  4:28  Barracks Reactor  
  40  4:31  Barracks Tech Lab  
  35  5:01  Marauder  
  34  5:22  Marauder  
  34  5:23  Marine x2  
  34  5:24  Siege Tank  
  34  5:28  Starport Tech Lab  
  41  5:31  Barracks  
  41  5:32  Barracks  
  41  5:33  Barracks, Terran Infantry Weapons Level 1  
  41  5:34  SCV x2  
  43  5:40  Marine  
  43  5:41  Marine  
  45  5:43  Missile Turret  
  45  5:44  Marauder  
  45  5:46  SCV x2  
  49  5:55  Stimpack  
  47  5:58  SCV  
  47  6:00  Marine x2  
  50  6:05  Marauder  
  50  6:11  Refinery x2  
  52  6:14  Medivac  
  54  6:31  Command Center, Supply Depot  
  54  6:32  Supply Depot  
  54  6:46  SCV, Marine  
  54  6:53  SCV  
  54  6:58  SCV  
  43  7:05  SCV  
  43  7:07  Siege Tank  
  49  7:08  Marauder  
  49  7:09  Barracks Reactor, Barracks Tech Lab  
  49  7:10  Barracks Tech Lab, Marine x2  
  49  7:12  SCV  
  52  7:17  SCV  
  53  7:24  SCV, Missile Turret  
  53  7:27  Terran Infantry Armor Level 1, Armory  
  53  7:28  Marine x2  
  53  7:29  SCV  
  59  7:30  Marauder  
  59  7:35  Combat Shield  
  59  7:37  SCV, Concussive Shells  
  60  7:38  Marauder  
  60  7:41  SCV, Marauder  
  65  7:49  SCV  
  66  7:57  SCV  
  68  7:59  Planetary Fortress  
  68  8:01  SCV  
  68  8:05  Marine x2, Siege Tank  
  71  8:06  Marine x5  
  78  8:23  Marine  
  78  8:24  Marauder  
  81  8:39  Terran Vehicle Weapons Level 1  
  81  8:41  Missile Turret  
  81  8:43  Raven, Engineering Bay  
  81  8:46  SCV x2  
  85  8:55  Supply Depot  
  85  8:56  Supply Depot  
  85  8:59  Supply Depot x3  
  85  9:01  Missile Turret, Supply Depot  
  85  9:06  SCV  
  85  9:11  SCV  
  86  9:17  SCV  
  86  9:19  Supply Depot  
  78  9:26  Medivac, Siege Tank  
  78  9:27  Marauder x3, Marine x2  
  78  9:28  Marine  
  78  9:29  SCV  
  78  9:30  SCV x2  
  95  9:36  Sensor Tower  
  95  9:39  Terran Infantry Weapons Level 2  
  95  9:41  SCV  
  96  9:48  Marauder x3  
  96  9:52  Marine  
  103  9:56  Drilling Claws  
  103  10:08  Command Center, Medivac  
  103  10:10  Marauder x3  
  111  10:25  Terran Infantry Armor Level 2  
  111  10:31  Marauder x2, Marine x5  
  120  10:49  Marine x4  
  120  11:14  Smart Servos  
  120  11:23  Siege Tank  
  120  11:25  Marauder x3, Marine x3  
  130  11:44  Viking  
  130  11:46  Marauder x3, Marine x4  
  142  11:56  Siege Tank  
  142  12:04  Marine x3  
  142  12:07  Marauder x2  
  130  12:13  SCV  
  130  12:14  SCV, Planetary Fortress, Viking  
  130  12:16  SCV  
  130  12:22  Missile Turret  
  128  12:25  SCV  
  128  12:26  SCV  
  128  12:28  SCV  
  128  12:38  SCV x2  
  128  12:40  SCV  
  127  12:50  SCV x2  
  105  12:52  Siege Tank  
  105  12:53  Marauder x3, Marine x2  
  105  12:54  Marine x2  
  105  12:57  Medivac  
  113  13:11  Marine x3  
  113  13:12  Marine  
  115  13:14  Marauder x2  
  115  13:15  Marauder  
  115  13:17  Terran Infantry Weapons Level 3, Terran Infantry Armor Level 3  
  121  13:24  Siege Tank  
  124  13:28  Refinery x2  
  124  13:29  Marine x4  
  128  13:36  Marauder x2  
  128  13:40  Barracks  
  128  13:41  Barracks  
  132  13:42  Barracks  
  132  13:45  Barracks  
  132  13:50  Marauder  
  132  13:51  Marine x4  
  138  13:57  Marauder x2  
  142  14:08  Marine  
  142  14:09  Factory  
  143  14:12  Marauder  
  145  14:18  Marauder  
  145  14:23  Starport  
  147  14:25  Starport  
  98  15:30  Medivac  
  98  15:33  Starport Reactor  
  98  15:34  Starport Reactor  
  75  15:45  Factory Tech Lab  
  75  15:46  Barracks Tech Lab  
  75  15:47  Barracks Reactor, Barracks Tech Lab x2  
  75  15:48  Command Center  
  75  15:51  Marauder x3, Marine  
  75  15:52  Marine x3  
  85  16:00  Medivac  
  87  16:08  Siege Tank  
  87  16:09  Marine x4  
  94  16:12  Hi-Sec Auto Tracking, Marauder x3  
  94  16:13  Neosteel Armor  
  94  16:15  Terran Vehicle And Ship Armor Level 1  
  100  16:24  Ghost Academy  
  100  16:27  Marine, Supply Depot  
  100  16:30  Supply Depot  
  100  16:31  Supply Depot  
  101  16:33  Marauder, Supply Depot  
  103  16:44  Viking x3  
  103  16:45  Viking x2  
  113  16:49  Marauder x4, Marine x7  
  113  16:51  Supply Depot  
  113  16:53  Supply Depot  
  128  16:54  Marine, Supply Depot  
  128  16:58  Supply Depot  
  129  17:03  Refinery, Thor x2  
  129  17:05  Refinery  
  129  17:07  Marine x7  
  148  17:10  Marauder x2, Marine  
  148  17:14  Medivac x2, Viking  
  148  17:15  Medivac x2  
  163  17:16  Supply Depot  
  116  17:56  Marauder  
  116  17:57  Marauder x5, Marine  
  116  18:05  Marine  
  113  18:09  Siege Tank x2  
  113  18:10  Marine x2  
  113  18:11  Marine x2  
  111  18:15  Marine  
  111  18:18  Marauder x4  
  111  18:19  Marauder x2  
  124  18:23  Mag-Field Accelerator, Marine  
  124  18:25  Planetary Fortress  
  125  18:27  Factory  
  125  18:28  Factory  
  125  18:30  Missile Turret  
  125  18:35  Terran Vehicle And Ship Armor Level 2  
  125  18:39  Marauder  
  127  18:41  Siege Tank x2  
  133  18:53  Missile Turret  
  133  19:12  Factory Tech Lab x2  
  133  19:13  Thor  
  133  19:15  Missile Turret  
  139  19:19  Marine x3  
  139  19:20  Marine x5  
  139  19:21  Thor  
  153  19:30  Refinery  
  153  19:32  Refinery  
  149  19:49  Marauder x5, Marine x3  
  149  19:50  Marine x3  
  165  19:56  Thor  
  171  20:07  Medivac x2  
  171  20:08  Viking, Medivac x2  
  170  20:26  Siege Tank  
  152  20:36  Barracks  
  152  20:37  Barracks x2, Viking x2  
  152  20:38  Factory  
  152  20:39  Factory  
  152  20:40  Marauder  
  152  20:41  Marauder x2, Marine  
  152  20:42  Marine x5  
  152  20:58  Command Center, Siege Tank  
  152  20:59  Marine  
  152  21:00  Marine x3  
  159  21:16  Barracks  
  159  21:20  Barracks  
  159  21:36  Viking x2  
  159  21:37  Viking x3  
  169  22:16  Command Center  
  169  22:25  Marauder x2  
  169  22:26  Marauder  
  169  22:28  Marauder x2  
  179  22:32  Factory Tech Lab x2  
  179  22:34  Barracks Tech Lab  
  179  22:35  Barracks Reactor  
  179  22:47  Marauder x3  
  179  22:50  Marauder  
  179  22:51  Marine x6  
  187  22:52  Marine  
Show
View Real Time Build Order
Export as new Build Order

Purity Terran 

Build Orders: 2 Factory, Mech 

Get SALT Encoding   

  12  0:00  SCV  
  13  0:12  SCV  
  14  0:20  Supply Depot  
  14  0:24  SCV  
  15  0:41  SCV  
  15  0:42  Barracks  
  16  0:50  Refinery  
  16  0:54  SCV  
  17  1:06  SCV  
  18  1:18  SCV  
  19  1:28  Supply Depot  
  19  1:30  SCV  
  20  1:42  Barracks Reactor  
  20  1:43  Orbital Command  
  20  2:00  Bunker  
  20  2:10  Command Center  
  20  2:11  SCV  
  21  2:22  Factory  
  21  2:25  SCV  
  21  2:28  Marine  
  23  2:30  Marine  
  24  2:39  Refinery, SCV  
  25  2:46  Marine  
  25  2:48  Marine  
  25  2:51  SCV  
  28  2:57  Supply Depot  
  28  3:03  SCV  
  29  3:07  Factory  
  29  3:26  SCV, Hellion x2  
  35  3:28  Orbital Command  
  34  3:38  SCV  
  35  3:47  Hellion x2  
  39  3:52  Supply Depot  
  39  3:56  Factory Tech Lab  
  39  4:06  Engineering Bay  
  39  4:08  Orbital Command  
  39  4:12  Hellion  
  39  4:15  Hellion  
  43  4:25  SCV  
  34  4:54  Hellion x3  
  40  5:09  SCV x2  
  40  5:15  Hellion x2  
  40  5:20  Hellion  
  40  5:21  SCV  
  47  5:35  SCV x2  
  47  5:36  Hellion  
  47  5:41  Siege Tank  
  52  5:47  SCV x2  
  54  5:59  SCV  
  55  6:08  Hellion x2  
  57  6:13  Siege Tank  
  60  6:29  SCV x2  
  62  6:35  Factory  
  62  6:46  Supply Depot  
  62  7:07  SCV x2  
  62  7:08  Hellion x2  
  68  7:12  Siege Tank  
  67  7:19  SCV x2  
  69  7:31  SCV  
  69  7:35  SCV, Supply Depot x2  
  69  7:37  Hellion, Supply Depot  
  69  7:44  SCV  
  70  7:54  Factory Tech Lab  
  70  7:57  SCV x2, Hellion, Siege Tank  
  79  7:58  Hellion  
  79  7:59  Missile Turret  
  79  8:05  Refinery  
  79  8:09  Refinery, SCV x2, Supply Depot  
  81  8:16  Missile Turret  
  81  8:26  Siege Tank  
  80  8:28  Hellion x2  
  80  8:29  Siege Tank  
  87  8:51  Missile Turret x3  
  87  8:53  Missile Turret  
  87  8:54  SCV  
  87  8:55  Armory  
  88  8:58  Siege Tank  
  88  9:01  Siege Tank  
  94  9:03  Command Center  
  93  9:22  Starport  
  93  9:30  Infernal Pre-Igniter  
  93  9:42  Hi-Sec Auto Tracking  
  93  9:45  Terran Vehicle And Ship Armor Level 1  
  93  9:50  Siege Tank  
  93  9:51  Hellion, Siege Tank  
  101  9:59  Starport  
  101  10:00  Starport Reactor  
  101  10:03  Factory  
  101  10:15  Hellion  
  103  10:38  Planetary Fortress  
  103  10:39  SCV x2  
  101  10:51  SCV x2  
  103  11:03  SCV  
  97  11:05  Siege Tank  
  97  11:06  Siege Tank  
  97  11:07  Hellion x2  
  97  11:08  SCV  
  108  11:15  SCV  
  105  11:19  Missile Turret  
  105  11:20  SCV  
  106  11:25  Liberator  
  106  11:26  Liberator  
  106  11:27  SCV  
  106  11:28  Hellion  
  106  11:32  SCV  
  116  11:39  SCV  
  117  11:46  Refinery  
  117  11:51  SCV x2  
  117  11:52  SCV  
  117  11:56  Sensor Tower  
  117  12:10  SCV, Hellion  
  117  12:37  Command Center  
  117  12:45  Hellion  
  117  12:46  Command Center, Siege Tank  
  117  12:48  Siege Tank  
  112  12:54  Viking x2  
  113  13:05  Missile Turret x2  
  110  13:19  Factory Tech Lab  
  109  13:24  Viking x2  
  109  13:31  Starport  
  109  13:32  Starport  
  95  13:53  Planetary Fortress  
  95  13:54  Viking x2  
  99  13:57  Missile Turret  
  92  14:11  Viking x3  
  98  14:18  Missile Turret  
  98  14:24  Viking  
  98  14:28  Viking  
  99  14:39  Missile Turret  
  99  14:41  Viking  
  101  14:48  Siege Tank x2  
  101  14:49  Hellion  
  105  15:09  Siege Tank  
  101  15:20  Siege Tank  
  87  15:34  Orbital Command  
  87  16:08  Planetary Fortress  
  87  16:09  Missile Turret x2  
  87  16:11  SCV x2  
  87  16:13  Missile Turret x2  
  89  16:23  SCV  
  90  16:27  Supply Depot  
  90  16:28  SCV  
  90  16:29  Supply Depot  
  90  16:32  Supply Depot  
  91  16:35  SCV  
  91  16:39  Refinery  
  92  16:41  SCV  
  91  16:52  Supply Depot, Siege Tank x3  
  91  16:53  Widow Mine x2  
  104  16:58  Supply Depot  
  104  16:59  SCV x3  
  107  17:09  Starport Tech Lab, Starport Reactor x2  
  107  17:11  SCV x2  
  109  17:17  Missile Turret  
  109  17:21  Missile Turret  
  109  17:24  Siege Tank  
  98  17:45  Siege Tank  
  98  17:46  Siege Tank  
  98  17:47  Hellion x2  
  108  17:56  Siege Tank  
  104  18:08  Hellion x2  
  108  18:18  Siege Tank x2  
  114  18:22  Drilling Claws  
  114  18:24  Terran Vehicle Weapons Level 1  
  114  18:25  Command Center  
  114  18:28  Hellion  
  116  18:34  Refinery  
  116  18:36  Armory, Viking  
  118  18:44  Refinery  
  118  18:49  Widow Mine  
  118  18:50  Widow Mine x2  
  124  19:27  Hellion x2  
  124  19:29  Supply Depot x2  
  124  19:30  Supply Depot  
  125  19:31  Supply Depot x2  
  125  19:34  Hellion  
  125  19:37  Hellion  
  110  19:48  Viking  
  110  19:51  Viking x4  
  110  19:52  Viking x2  
  90  20:14  Cyclone x2  
  90  20:15  Cyclone  
  90  20:16  Hellion x2  
  90  20:19  Mag-Field Accelerator  
  84  21:41  Viking  
  84  21:42  Viking x2  
  85  21:47  Cyclone  
  68  22:42  Viking x2  
  68  22:43  Viking x5  
Show
View Real Time Build Order
Export as new Build Order

Buizerd Terran 

Build Orders:  

Get SALT Encoding   

  12  0:00  SCV  
  13  0:13  SCV  
  14  0:28  SCV  
  15  0:30  Supply Depot  
  15  0:55  Barracks  
  15  1:12  Barracks  
  15  1:18  SCV  
  16  1:27  Barracks  
  16  1:32  SCV  
  17  1:36  Refinery  
  16  1:47  Command Center  
  16  1:50  Refinery  
  16  1:57  Barracks  
  16  2:04  SCV  
  17  2:18  SCV  
  18  2:30  SCV  
  19  2:45  Barracks Reactor  
  19  2:46  Orbital Command  
  19  2:54  Factory  
  19  3:06  Orbital Command  
  19  3:21  Marine x2  
  21  3:28  SCV  
  22  3:36  SCV  
  22  3:39  Factory Tech Lab  
  22  3:41  Starport  
  23  3:44  SCV  
  24  3:51  Marine x2  
  26  3:58  Engineering Bay  
  26  3:59  Cyclone  
  26  4:02  SCV  
  30  4:03  SCV  
  30  4:09  Marine x2  
  33  4:17  Starport Tech Lab  
  33  4:20  Orbital Command  
  33  4:22  SCV  
  27  4:46  Marine  
  27  4:47  Marine  
  27  4:51  Raven  
  31  4:53  Siege Tank  
  31  4:54  SCV x2  
  31  4:56  Engineering Bay  
  36  5:06  SCV x2  
  38  5:18  SCV x2  
  34  5:30  SCV x2  
  34  5:34  Marine x2  
  38  5:38  Barracks  
  38  5:40  Barracks  
  38  5:49  SCV  
  38  5:57  SCV  
  38  6:00  Marine x2  
  36  6:04  Siege Tank  
  38  6:12  Starport Reactor  
  38  6:17  Marine  
  38  6:19  Marine  
  37  6:31  Terran Infantry Armor Level 1, Terran Infantry Weapons Level 1  
  37  6:36  Barracks Reactor  
  37  6:37  Barracks Reactor  
  36  6:53  Siege Tank  
  38  7:00  Stimpack  
  33  7:03  SCV x2  
  35  7:15  Marine x3  
  35  7:16  Marine  
  35  7:21  Supply Depot  
  38  7:23  Supply Depot  
  39  7:30  SCV x2  
  40  7:42  SCV  
  41  7:56  Bunker, Marine x2  
  41  7:57  Bunker, Marine x3  
  46  8:00  Siege Tank  
  46  8:03  Medivac  
  46  8:05  SCV x2, Barracks  
  53  8:17  SCV x2  
  55  8:29  SCV x2  
  57  8:40  Combat Shield  
  57  8:41  SCV x2  
  57  8:44  Refinery  
  57  8:46  Command Center  
  59  8:49  Siege Tank  
  59  8:50  Armory  
  59  8:53  Supply Depot  
  59  8:55  Supply Depot  
  62  9:01  SCV x2  
  64  9:03  Missile Turret x2  
  64  9:13  SCV x2  
  66  9:20  Supply Depot  
  66  9:24  Medivac x2  
  66  9:25  SCV x2  
  66  9:29  Marine x2  
  66  9:30  Marine x3  
  77  9:37  SCV x2  
  79  9:49  SCV x2  
  81  9:57  Supply Depot  
  81  10:00  Orbital Command  
  81  10:01  SCV x2  
  81  10:04  Refinery, Terran Infantry Weapons Level 2  
  81  10:05  Terran Infantry Armor Level 2  
  83  10:09  Marine x4  
  83  10:10  Marine x3  
  83  10:13  SCV x2  
  92  10:26  SCV x2  
  94  10:28  Orbital Command  
  94  10:38  Terran Vehicle Weapons Level 1  
  94  10:39  SCV x2  
  96  10:51  SCV  
  96  10:52  Siege Tank  
  96  10:53  Marine x3  
  96  10:54  Marine x2  
  99  11:05  SCV x3  
  99  11:09  Medivac x2  
  106  11:12  Marine x3  
  106  11:13  Marine  
  106  11:15  Marine  
  111  11:24  Siege Tank  
  114  11:30  Marine  
  114  11:31  Marine  
  116  11:33  Marine  
  116  11:39  Marine x2  
  117  11:40  Marine x2  
  117  11:46  SCV x2  
  123  11:49  Missile Turret  
  123  11:51  Marine  
  123  11:53  Missile Turret  
  124  11:56  Siege Tank  
  124  11:57  Marine x2  
  109  12:45  Marine  
  109  12:46  Marine x4  
  112  12:53  Siege Tank  
  113  13:03  Marine x2  
  113  13:04  Marine x3  
  111  13:13  SCV x2  
  111  13:16  Missile Turret  
  111  13:17  Missile Turret  
  111  13:19  Viking x2  
  117  13:21  Marine x4  
  117  13:22  Marine  
  122  13:35  Marine x2  
  122  13:36  Thor  
  122  13:38  Terran Infantry Weapons Level 3, Terran Infantry Armor Level 3  
  122  13:39  Marine  
  131  13:42  Supply Depot  
  131  13:43  SCV x2, Supply Depot  
  131  13:44  Supply Depot x2  
  133  14:03  SCV, Marine x5  
  133  14:18  Viking x2  
  133  14:21  Marine x4  
  141  14:25  Marine  
  142  14:34  Barracks  
  142  14:35  Barracks  
  139  14:39  Marine x4  
  139  14:41  Barracks  
  139  14:43  Barracks, Marine  
  120  15:07  Hellbat  
  120  15:08  Medivac x2  
  120  15:09  Marine x4  
  120  15:10  Marine  
  122  15:24  Marine  
  122  15:25  Marine  
  122  15:27  Marine x5  
  122  15:28  Barracks Reactor x2, Thor  
  135  15:42  Marine x2  
  131  15:44  Barracks Reactor x2  
  133  15:53  Missile Turret x2  
  133  16:01  SCV  
  133  16:02  SCV x2  
  136  16:13  Marine x4  
  136  16:15  Command Center  
  140  16:26  SCV x2  
  140  16:27  SCV  
  140  16:28  Marine x2  
  140  16:29  Marine x6  
  140  16:30  Marine x4  
  140  16:31  Marine x3  
  140  16:32  Siege Tank  
  161  16:46  Marine x3  
  161  16:47  Marine  
  165  17:03  Marine x8  
  165  17:04  Neosteel Armor, Marine x7  
  165  17:06  Viking  
  182  17:21  Marine x10  
  183  17:33  Marine  
  183  17:34  Marine  
  141  18:08  Marine  
  141  18:09  Marine x14  
  136  18:15  Planetary Fortress  
  136  18:26  Marine x4  
  136  18:27  Marine x11  
  139  18:33  Medivac x2  
  155  18:35  Siege Tank  
  158  18:42  Terran Vehicle And Ship Armor Level 1  
  158  18:44  Marine  
  158  18:46  Marine x8  
  167  19:03  Medivac x2  
  167  19:08  Refinery  
  171  19:10  Refinery  
  171  19:24  Supply Depot  
  171  19:26  Marine x5  
  171  19:27  Marine x6  
  182  19:42  Refinery  
  182  19:44  Refinery  
  139  20:38  Marine  
  139  20:39  Marine x14  
  139  20:42  Medivac x2, Siege Tank  
  136  20:56  Marine  
  121  20:57  Marine x14  
  135  21:04  Bunker  
  135  21:10  Barracks  
  135  21:14  Barracks, Marine x2  
  135  21:15  Barracks, Marine x7  
  144  21:21  Medivac x2  
  144  21:22  Siege Tank  
  142  21:37  Armory  
  133  21:40  Starport, Marine  
  133  21:41  Starport x2, Marine x7  
  130  21:49  Command Center  
  126  21:58  Marine  
  126  21:59  Marine x6  
  105  22:24  Barracks Reactor x2  
  101  22:34  Marine x9  
  98  22:51  Marine  
  98  22:52  Marine x7  
  98  22:53  Viking x3  
Tags
 
Add a new tag
Caveats
  • Supply blocks, unpowered buildings, or Contaminate may cause inaccurate times.
  • Supply counts are checked every 10 seconds.